 Dungeon Crawl Stone Soup version 0.30-b1-2-g02819fbbbe (webtiles) character file.

Game seed: 6625996601102859039

13 Alarkh the Trooper (level 2, 24/24 HPs)
             Began as a Demonspawn Chaos Knight on May 20, 2023.
             Was a Plaything of Xom.
             Got out of the dungeon alive.
             The game lasted 00:00:52 (202 turns).

Alarkh the Trooper (Demonspawn Chaos Knight)         Turns: 202, Time: 00:00:53

Health: 24/24      AC:  5    Str: 12    XL:     2   Next: 24%
Magic:  2/2        EV: 11    Int: 13    God:    Xom [.*....]
Gold:   18         SH:  0    Dex: 12    Spells: 1/1 levels left

rFire   . .          .
                       - Unarmed
rCold   . . .        (no shield)
rNeg    . . .        a - +2 leather armour
rPois   .            (no helmet)
rElec   .            (no cloak)
rCorr   .            (no gloves)
SInv    .            (no boots)
Will    .....        (no amulet)
Stlth   +            (no ring)
HPRegen 0.24/turn    (no ring)
MPRegen 0.08/turn

%: no passive effects
@: no status effects
A: claws 1
a: Renounce Religion


You escaped.
You worshipped Xom.
You were a plaything of Xom.
You visited 1 branch of the dungeon, and saw 1 of its levels.

You collected 18 gold pieces.

Inventory:

Armour
 a - a +2 leather armour (worn)
Scrolls
 c - a scroll of blinking {unknown}
 d - a scroll of immolation {unknown}
 e - a scroll of silence {unknown}
Miscellaneous
 b - a piece from Xom's chessboard (15/15) (quivered)


   Skills:
 + Level 3.2 Fighting
 - Level 1.7 Armour
 - Level 0.8 Dodging
 * Level 3.2 Unarmed Combat


You had one spell level left.
You didn't know any spells.
Your spell library contained the following spells:

 Spells                   Type           Power      Damage    Failure   Level
 Ozocubu's Armour         Ice            0%         N/A       75%         3
 Ozocubu's Refrigeration  Ice            0%         4d7       100%        7


Dungeon Overview and Level Annotations

Branches:
Dungeon (1/15)

Altars:


Innate Abilities, Weirdness & Mutations

You have sharp fingernails.


Message History

The jackal is almost dead.
The jackal closely misses you.
The jackal bites you but does no damage.
You hit the jackal.
You kill the jackal!
You have reached level 2!
You feel monstrous as your demonic heritage exerts itself.
Your demonic ancestry asserts itself...
Your fingernails lengthen.
You scratch the jackal.
You kill the jackal!
The jackal bites you but does no damage.
You scratch the jackal.
You kill the jackal!
You scratch the endoplasm.
You kill the endoplasm!
You scratch the frilled lizard.
You kill the frilled lizard!
No target in view!
No target in view!
No target in view!
No target in view!
No target in view!
No target in view!
No target in view!
No target in view!
No target in view!
No target in view!
No target in view!
No target in view!
No target in view!
No target in view!
Things that are here:
a jackal corpse; a jackal corpse
Found a mace.
You open the door.
There is an open door here.
There is a staircase leading out of the dungeon here.
Are you sure you want to leave the Dungeon?
This will make you lose the game!
You have escaped!

.....#########^.....##.#
........................
#######'##.......####...
##.##.......# .....
##..##.......##.....
##...######+#........
##....## #.#........
##......#####....#..#+#
#.....@.....+.#..#..#
##......#####....# ##
##....##.....##.#
##...##........#
##..#####..#..#
##.#...#..#..#
###'#.#.#.##..###
..#...............#
.....###.#.#.#####.#


There were no monsters in sight!

Vanquished Creatures
  2 endoplasms (D:1)
  4 jackals (D:1)
  3 ball pythons (D:1)
  A bat (D:1)
  3 frilled lizards (D:1)
13 creatures vanquished.

Notes
Turn   | Place    | Note
-------+----------+-------------------------------------------
     0 | D:1      | Alarkh the Demonspawn Chaos Knight began the quest for the
                  | Orb.
     0 | D:1      | Reached XP level 1. HP: 18/18 MP: 1/1
    29 | D:1      | XOM: silly message
   156 | D:1      | XOM: silly message
   168 | D:1      | Discovered your monstrous ancestry.
   168 | D:1      | Gained mutation: You have sharp fingernails. [demonic
                  | ancestry]
   168 | D:1      | Reached XP level 2. HP: 23/24 MP: 2/2
   202 | D:$      | Got out of the dungeon alive.

Illustrated notes

Levels and vault maps discovered:
D:1:      mrwooster_arrival_arrow, layout_basic, hangedman_decor_points,
          minmay_misc_feat_hallway

Skill      XL: |  1 |
---------------+----+-----
Unarmed Combat | 3 |  3.2
Fighting       | |  3.2
Armour         | |  1.7
Dodging        | |  0.8

Action                     || total
---------------------------++-------
  Melee: Unarmed           ||    37
 Armour: Leather armour    ||    10
  Dodge: Dodged            ||    16
